woodfighter, lawful female dwarven Priestess ---- ----..---- |...`....| ---.|...``.| |..>|.`.`..| |....-``-.`----- --.....`)@..`..| |..-..`m--`.`.| |.....---|....| -----.|-------- ---- |.-|.....|-- |..----.%|.....+.| |..^^....|.....|-| |^-------|..(..+.| --^| |.....|-| |.^-------|.....+.| |..^^^^^^^+.....|-- ----------------- woodfighter the Adept Experience level: 6 Strength: 15 Dexterity: 12 Constitution: 16 Intelligence: 17 Wisdom: 9 Charisma: 10 Health: 0(50) Energy: 36(36) Def: 4 Gold: 0 Moves: 4524 Dungeon seed: TZ0L9Uvmn1dKdz5K Game ID: woodfighter_1552819799 Your Inventory: Weapons a - a blessed +1 mace G - a blessed +2 dwarvish spear (weapon in hand) H - a +1 dwarvish spear I - a +0 dwarvish spear (in quiver) Armor e - a +0 robe (being worn) n - a +0 small shield (being worn) N - a +0 orcish helm (being worn) Comestibles c - 2 cloves of garlic d - 3 sprigs of wolfsbane f - 2 fortune cookies i - an apple j - 2 mint-flavored milkshakes m - 9 food rations T - a tripe ration Scrolls O - a blessed scroll of earth P - a scroll of earth Potions b - a potion of healing Rings g - a +1 ring of gain constitution K - a ring of warning M - a ring of invisibility Q - a +2 ring of increase accuracy X - a cursed ring of hunger Wands F - a wand of digging (0:4) R - a wand of make invisible (0:5) W - a wand of light (0:14) Tools k - a blindfold s - a sack L - a +0 pick-axe Spells and supernatural/magical abilities: Name Level Category Fail Memory l - light 1 divination 0% 78% p - protection 1 clerical 0% 78% B - cure blindness 2 healing 36% 78% W - pray for help -- divine ? -- X - turn undead -- divine ? -- Your skills at the end: Miscellaneous Skills shield [Basic] wands [Basic] Weapon Skills pick-axe [Basic] mace [Basic] spear [Basic] Spellcasting Skills clerical spells [Basic] Final Attributes: You were devoutly aligned. You had infravision. You were stealthy. You were held by a giant mimic. You are dead. Vanquished creatures: a giant mimic a dog a housecat 2 baby crocodiles 3 Uruk-hai a rock piercer a gnome lord a puppy a kitten 3 quasits an iguana a rabid rat 2 jitterbugs a gas spore a hobbit 2 large kobolds 3 geckos a hobgoblin 2 red molds a gnome 2 garter snakes 10 manes a gnome zombie 7 jackals a fox 4 newts a goblin 2 grid bugs a bat 5 lichens 2 kobold zombies 66 creatures vanquished. Voluntary challenges: You did not adorn yourself with jewelry or accessories. You did not cause conflict. You were not invisible. You did not have reflection. You were not displaced. You had been an atheist until turn 2214. You used a wielded weapon 104 times, starting on turn 107. You did not apply a unicorn horn. You did not use plumbed fixtures. You did not drink any magical draughts. You were illiterate. You never genocided any monsters. You never polymorphed an object. You never changed form. You used no wishes. You never split a pudding. You never wrote Elbereth's name. You never violated your personal moral code. Dungeon overview: The Dungeons of Doom: levels 1 to 7 Level 1 a fountain a long staircase Level 2 a potion shop Level 3 a fountain stairs to The Gnomish Mines Level 4 an altar to Blind Io, a fountain Level 5 (eye) many fountains Level 6 stairs to Sokoban Level 7 a fountain The Gnomish Mines: Level 4 stairs to The Dungeons of Doom Sokoban: levels 2 to 5 Level 2 <- You were here a magic chest Level 3 Level 4 a fountain Level 5 a magic chest stairs to The Dungeons of Doom History has recorded: On T:1 you entered the Dungeons of Doom to retrieve the Amulet of Yendor! On T:123 you reached level 2 of The Dungeons of Doom. On T:449 you advanced to experience level 2. On T:531 you reached level 3 of The Dungeons of Doom. On T:822 you reached level 1 of The Gnomish Mines. On T:1085 you advanced to experience level 3. On T:1156 you reached level 4 of The Dungeons of Doom. On T:1403 you advanced to experience level 4. On T:1646 you reached level 5 of The Dungeons of Doom. On T:1715 you reached level 6 of The Dungeons of Doom. On T:2148 you reached level 7 of The Dungeons of Doom. On T:2198 you advanced to experience level 5. On T:2214 you prayed to Blind Io. On T:2254 you reached level 4 of Sokoban. On T:2366 you opened a magic chest. On T:2806 you reached level 3 of Sokoban. On T:3509 you reached level 2 of Sokoban. On T:3645 you advanced to experience level 6. On T:4376 you reached level 1 of Sokoban. Score breakdown: Gold: 0 ( 0 points) Experience: 6 levels ( 500 points) Exploration: 7 levels ( 180 points) Discoveries: 14 items ( 700 points) Variety of kills: 31 monsters ( 1550 points) Major goal: (nothing yet) ( 0 points) Survival: died (score multiplied by 3) Total score: 8790 Latest messages: You jab the giant mimic! (3x) The giant mimic claws you! (2x) You kill the giant mimic! You see here a giant mimic corpse. I - 2 dwarvish spears (in quiver). H - a dwarvish spear. You hear a sound reminiscent of an elephant stepping on a peanut. The boulder falls into and plugs a hole in the floor! You try to move the boulder, but in vain. With great effort you move the boulder. The boulder falls into and plugs a hole in the floor! With great effort you move the boulder. You see here an apple. i - an apple. With great effort you move the boulder. You see here 2 mint-flavored milkshakes. j - 2 mint-flavored milkshakes. The dwarvish spear hits the giant mimic! You jab the giant mimic! The giant mimic claws you! (2x) You jab the giant mimic! You jab the giant mimic. (2x) The giant mimic claws you! (2x) You die... The sack is empty. The sack is empty. Final status: Goodbye woodfighter the Priestess, killed by a giant mimic... You died in Sokoban on dungeon level 2 with 8790 points, and 0 pieces of gold, after 4524 moves. You were level 6 with a maximum of 50 hit points when you died.